 Dungeon Crawl Stone Soup version 0.30-a0-1114-gd936c97349 (webtiles) character file.

Game seed: 2263662403928247381

25 Jeffwins the Cudgeller (level 3, 0/30 HPs)
             Began as a Human Wanderer on Apr 20, 2023.
             Slain by a kobold
             ... wielding a +3 whip
              (4 damage)
             ... on level 1 of the Dungeon.
             The game lasted 00:01:02 (419 turns).

Jeffwins the Cudgeller (Human Wanderer)              Turns: 419, Time: 00:01:02

Health: 0/30       AC:  3    Str: 12    XL:     3   Next: 17%
Magic:  3/3        EV: 10    Int: 12    God:
Gold:   59         SH:  0    Dex: 14    Spells: 2/2 levels left

rFire   . . .      SeeInvis .    a - +3 mace
rCold   . . .      Faith    .    (no shield)
rNeg    . . .      Spirit   .    d - +0 leather armour
rPois   .          Reflect  .    (no helmet)
rElec   .          Rampage  .    (no cloak)
rCorr   .                        (no gloves)
Will    .....                    (no boots)
Stlth   +                        k - amulet of magic regeneration
HPRegen 0.25/turn                (no ring)
MPRegen 0.48/turn                (no ring)

@: no status effects
A: no striking features
a: no special abilities


You were on level 1 of the Dungeon.
You visited 1 branch of the dungeon, and saw 1 of its levels.

You collected 59 gold pieces.


   Skills:
 + Level 4.1 Fighting
 - Level 1.0 Short Blades
 * Level 4.4 Maces & Flails
 + Level 0.7 Throwing
 - Level 1.0 Armour
 + Level 1.1 Stealth
 * Level 0.0 Spellcasting


You had 2 spell levels left.
You didn't know any spells.
Your spell library contained the following spells:

 Spells                   Type           Power      Damage    Failure   Level
 Apportation              Tloc           0%         N/A       38%         1
 Necrotise                Necr           0%         1d4       38%         1
 Summon Small Mammal      Summ           0%         N/A       38%         1

Inventory:

Hand Weapons
 a - a +3 mace (weapon)
 b - a +0 short sword
Missiles
 e - 3 silver javelins (quivered)
Armour
 d - a +0 leather armour (worn)
Jewellery
 k - an amulet of magic regeneration (around neck)
Scrolls
 c - a scroll of summoning
 f - a scroll of vulnerability {unknown}
 h - a scroll of noise {unknown}
 i - 2 scrolls of identify {unknown}
 j - a scroll of fear {unknown}
Potions
 g - a potion of berserk rage {unknown}
 l - a potion of mutation {unknown}

Dungeon Overview and Level Annotations

Branches:
Dungeon (1/15)

Altars:

Shops:
D:1 *

Annotations:
D:1 1 transporter

##..#..... ###..##.....
#...###..... ##.###
#..... #####..#####.....
########.............#.#
.........##..#######.#.#
.....[..#...## #...#
..#####@##### #.###


♣PPKPP ### ♣PPKKK.# ♣P.....P♣ ♣...§...♣ #$..§...♣ #~.$....# #P.....P♣ ♣PP...#P♣
You could see 4 kobolds.


Message History

The kobold is moderately wounded.
The kobold hits you with a +3 whip. The kobold closely misses you.
The kobold hits the plant with a +0 dagger.
The plant begins to die.
The kobold hits you with a +0 dagger.
You thump the kobold!
You kill the kobold!
The kobold misses you. The kobold closely misses you.
You hit the kobold.
The kobold is heavily wounded.
The kobold hits you with a +3 whip. The kobold completely misses you.
The kobold barely misses you.
You hit the kobold.
The kobold is severely wounded.
The kobold closely misses you. The kobold hits you with a +0 dagger.
The kobold misses you.
You closely miss the kobold.
The kobold is severely wounded.
A nearby plant withers and dies.
The kobold closely misses you. The kobold hits you with a +0 dagger.
* * * LOW HITPOINT WARNING * * *
The kobold hits you with a +0 whip.
* * * LOW HITPOINT WARNING * * *
The kobold hits you with a +3 whip!
* * * LOW HITPOINT WARNING * * *
The kobold hits you but does no damage. x2
The kobold attacks as you move away! The kobold hits you but does no damage.
The kobold hits the bush with a +0 whip.
Unknown command.
You hit the kobold but do no damage. The kobold hits you with a +3 whip.
You die...

Skill      XL: |  1  2 |
---------------+-------+-----
Stealth        | 1 |  1.1
Fighting       | |  4.1
Short Blades   | |  1.0
Maces & Flails | |  4.4
Throwing       | |  0.7
Armour         | |  1.0

Action                     || total
---------------------------++-------
  Melee: Mace              ||    54
         Punch             ||     2
 Armour: Leather armour    ||    16
  Dodge: Dodged            ||    48

Levels and vault maps discovered:
D:1:      spicycebolla_arrival_risky_transporter, layout_rooms, serial_shops,
          shop, shapermc_ecumenical_altar_mp_ritualfount,
          lexackson_kobold_supper

Notes
Turn   | Place    | Note
-------+----------+-------------------------------------------
     0 | D:1      | Jeffwins the Human Wanderer began the quest for the Orb.
     0 | D:1      | Jeffwins set off with the following items: a +3 mace, a +0
                  | short sword, a scroll of summoning, a +0 leather armour.
     0 | D:1      | Reached XP level 1. HP: 19/19 MP: 1/1
   103 | D:1      | Reached XP level 2. HP: 22/25 MP: 2/2
   218 | D:1      | Reached skill level 1 in Stealth
   221 | D:1      | Reached XP level 3. HP: 21/30 MP: 3/3
   255 | D:1      | Found Zacuyk's Assorted Antiques.
   374 | D:1      | Found a faded altar of an unknown god.
   417 | D:1      | HP: 3/30 [kobold/+3 whip (8)]
   419 | D:1      | Slain by a kobold

Vanquished Creatures
  A ball python (D:1)
  3 endoplasms (D:1)
  A giant cockroach (D:1)
  3 goblins (D:1)
  2 hobgoblins (D:1)
  3 jackals (D:1)
  4 kobolds (D:1)
  A quokka (D:1)
  A frilled lizard (D:1)
  2 rats (D:1)
21 creatures vanquished.

Vanquished Creatures (others)
  3 fungi (D:1)
  5 plants (D:1)
8 creatures vanquished.

Grand Total: 29 creatures vanquished

Table legend: (Time is in decaauts)
 A = Elapsed time spent in this place.
 B = Non-inter-level travel time spent in this place.
 C = Inter-level travel time spent in this place.
 D = Time resting spent in this place.
 E = Time spent auto-exploring this place.
 F = Levels seen in this place.
 G = Mean time per level.
                   A        B        C        D        E       F      G
               +--------+--------+--------+--------+--------+-----+--------+
         Total |    429 |    429 |      0 |      0 |    285 |   1 |  429.0 |
       Dungeon |    429 |    429 |      0 |      0 |    285 |   1 |  429.0 |
               +--------+--------+--------+--------+--------+-----+--------+

Top non-repeatable levels by time:
     D:1: 429 daAuts

Table legend:
 A = Non-vault XP
 B = Vault XP
 C = Vault XP percentage of total XP
 D = Non-vault monster count
 E = Vault monster count
 F = Vault count percentage of total count
                 A         B        C        D         E       F
            +---------+---------+-------+---------+---------+-------
      Total |      35 |       1 |   2.8 |      20 |       1 |   4.8
            +---------+---------+-------+---------+---------+-------
        D:1 |      35 |       1 |   2.8 |      20 |       1 |   4.8
            +---------+---------+-------+---------+---------+-------
